[Event "GER-ch Youth U14 2019"]
[Site "Willingen"]
[Date "2019.06.09"]
[Round "1.2"]
[White "Bethke, Richard"]
[Black "Deutsch, Christoph"]
[Result "1/2-1/2"]
[ECO "C54"]
[WhiteElo "2246"]
[BlackElo "1937"]
[Annotator "NA"]
[PlyCount "101"]
[EventDate "2019.06.07"]
[EventType "swiss"]
[EventRounds "9"]
[EventCountry "GER"]
[SourceTitle "playchess.com"]
[Source "ChessBase"]
[SourceQuality "1"]
[TimeControl "40/5400+30:1800+30"]

1. e4 e5 2. Nf3 Nc6 3. Bc4 Bc5 4. c3 Nf6 5. d3 O-O 6. O-O d6 7. h3 Ne7 8. d4 exd4 9. cxd4 Bb6 10. Nc3 d5 11. exd5 Nexd5 12. Bg5 Nxc3 13. bxc3 Qd6 14. Re1 Bf5 15. Ne5 Nd5 16. Qb3 c6 17. Bh4 Be6 18. Bg3 Qe7 19. Nd3 Rfe8 20. a4 Ba5 21. Rac1 Bb6 22. Bxd5 cxd5 23. Nf4 Qd7 24. Re3 f6 25. Rce1 Bf7 26. Qb4 Rxe3 27. Rxe3 Re8 28. Rxe8+ Bxe8 29. a5 Bc7 30. Qc5 Bxf4 31. Bxf4 a6 32. c4 Bf7 33. cxd5 Bxd5 34. f3 Bc6 35. h4 Qd5 36. Qxd5+ Bxd5 37. Kf2 Kf7 38. Bd6 Ke6 39. Bc5 f5 40. h5 f4 41. Bf8 Kf6 42. g3 fxg3+ 43. Kxg3 g5 44. Bd6 Bf7 45. h6 Kf5 46. Be5 Bd5 47. Kf2 Bc6 48. Ke3 Bd5 49. Bd6 Bc6 50. Be7 Bd5 51. Bd6 {[%emt 0:00:38] normal} 1/2-1/2

[Event "GER-ch Youth U14 2019"]
[Site "Willingen"]
[Date "2019.06.09"]
[Round "1.3"]
[White "Matthaei, Jakob"]
[Black "Pubantz, Jan"]
[Result "0-1"]
[ECO "B22"]
[WhiteElo "1666"]
[BlackElo "2192"]
[Annotator "NA"]
[PlyCount "70"]
[EventDate "2019.06.07"]
[EventType "swiss"]
[EventRounds "9"]
[EventCountry "GER"]
[SourceTitle "playchess.com"]
[Source "ChessBase"]
[SourceQuality "1"]
[TimeControl "40/5400+30:1800+30"]

1. e4 c5 2. c3 Nf6 3. e5 Nd5 4. d4 cxd4 5. Nf3 Nc6 6. cxd4 d6 7. Bc4 dxe5 8. dxe5 Nb6 9. Qxd8+ Nxd8 10. Bb3 Be6 11. Nbd2 g6 12. O-O Bg7 13. Re1 O-O 14. Nd4 Bd5 15. f4 Rc8 16. Ne4 Nc6 17. Nxc6 Rxc6 18. Bxd5 Nxd5 19. Bd2 Rc2 20. Rab1 f5 21. exf6 exf6 22. Rec1 Rfc8 23. Nd6 R8c7 24. Nb5 R7c5 25. Nxa7 f5 26. Rxc2 Bd4+ 27. Kf1 Rxc2 28. Nb5 Rxd2 29. Nxd4 Rxd4 30. g3 Rd2 31. Kg1 Kf7 32. a3 Ke6 33. b4 Ra2 34. Rb3 Re2 35. a4 Re4 {[%emt 0:00:08] normal} 0-1

[Event "GER-ch Youth U14 2019"]
[Site "Willingen"]
[Date "2019.06.09"]
[Round "1.4"]
[White "Colbow, Collin"]
[Black "Schulemann, Gero"]
[Result "1-0"]
[ECO "B43"]
[WhiteElo "2169"]
[BlackElo "1862"]
[Annotator "NA"]
[PlyCount "113"]
[EventDate "2019.06.07"]
[EventType "swiss"]
[EventRounds "9"]
[EventCountry "GER"]
[SourceTitle "playchess.com"]
[Source "ChessBase"]
[SourceQuality "1"]
[TimeControl "40/5400+30:1800+30"]

1. e4 c5 2. Nf3 e6 3. d4 cxd4 4. Nxd4 a6 5. Nc3 Qc7 6. Bd3 Nf6 7. f4 b5 8. e5 b4 9. Nce2 Nd5 10. Be4 Bb7 11. Qd3 d6 12. exd6 Bxd6 13. Qg3 O-O 14. Qh3 Nf6 15. Bxb7 Qxb7 16. O-O Qe4 17. Be3 Nd5 18. Rf3 Nxe3 19. Rxe3 Qd5 20. Rd3 Bc5 21. Kh1 Nc6 22. c4 Qd7 23. Rad1 Nxd4 24. Nxd4 Qc7 25. Qg3 Rad8 26. b3 g6 27. Ne2 Be7 28. Qf3 Rxd3 29. Rxd3 Qa5 30. Nc1 Rd8 31. Rxd8+ Bxd8 32. Qd3 Kg7 33. g3 Bf6 34. Qc2 e5 35. Ne2 Qc5 36. fxe5 Bxe5 37. Qe4 Bf6 38. Kg2 Qa5 39. Qc2 Qe5 40. Nf4 Qe3 41. Nd5 Qc5 42. Qd2 Be5 43. Nxb4 Qa5 44. a4 Bf6 45. Qd6 Qh5 46. Qd3 Qc5 47. Nd5 Qa3 48. Qc2 Qa1 49. Nxf6 Qxf6 50. c5 Qc6+ 51. Kg1 Kf6 52. b4 Ke5 53. Qc3+ Ke4 54. Qc4+ Ke3 55. Qf4+ Ke2 56. Qe5+ Kd2 57. Qd6+ {[%emt 0:00:07] normal} 1-0

[Event "GER-ch Youth U14 2019"]
[Site "Willingen"]
[Date "2019.06.09"]
[Round "1.5"]
[White "Bress, Aaron"]
[Black "Weihrauch, Jakob"]
[Result "0-1"]
[ECO "C78"]
[WhiteElo "1849"]
[BlackElo "2158"]
[Annotator "NA"]
[PlyCount "97"]
[EventDate "2019.06.07"]
[EventType "swiss"]
[EventRounds "9"]
[EventCountry "GER"]
[SourceTitle "playchess.com"]
[Source "ChessBase"]
[SourceQuality "1"]
[TimeControl "40/5400+30:1800+30"]

1. e4 e5 2. Nf3 Nc6 3. Bb5 a6 4. Ba4 Nf6 5. O-O b5 6. Bb3 Bc5 7. c3 d6 8. Re1 O-O 9. h3 h6 10. d3 Re8 11. Nbd2 Bb6 12. Nf1 Be6 13. Bc2 d5 14. exd5 Bxd5 15. Ng3 Qd7 16. Ne4 Nh7 17. Ng3 Rad8 18. Be3 Bxe3 19. Rxe3 f5 20. Re1 Qf7 21. Nd2 Ng5 22. a4 Ne6 23. Nf3 Nf4 24. d4 e4 25. Nh2 Qg6 26. Qc1 Ne6 27. Nhf1 Ne7 28. Ne2 Bc4 29. Nf4 Nxf4 30. Qxf4 Nd5 31. Qg3 Qf7 32. Qh2 b4 33. Ne3 Nxe3 34. fxe3 Bd3 35. Rac1 bxc3 36. bxc3 Rb8 37. Red1 Qc4 38. Qf4 Rf8 39. Bxd3 exd3 40. Qf1 Rb2 41. Rxd3 Rf6 42. Rdd1 Qxa4 43. Rb1 Rc2 44. Rdc1 Rg6 45. Kh1 Qa2 46. Rxc2 Qxc2 47. Rc1 Qd2 48. Rd1 Qc2 49. Rc1 {[%emt 0:00:17] normal} 0-1

[Event "GER-ch Youth U14 2019"]
[Site "Willingen"]
[Date "2019.06.09"]
[Round "1.6"]
[White "Gallasch, Jonas"]
[Black "Schauties, Nico Antonio"]
[Result "1-0"]
[ECO "D36"]
[WhiteElo "2137"]
[BlackElo "1866"]
[Annotator "NA"]
[PlyCount "57"]
[EventDate "2019.06.07"]
[EventType "swiss"]
[EventRounds "9"]
[EventCountry "GER"]
[SourceTitle "playchess.com"]
[Source "ChessBase"]
[SourceQuality "1"]
[TimeControl "40/5400+30:1800+30"]

1. d4 d5 2. c4 e6 3. Nc3 Nf6 4. Bg5 c6 5. cxd5 exd5 6. Qc2 Be7 7. e3 Nbd7 8. Bd3 O-O 9. Nf3 Re8 10. O-O Nf8 11. h3 Ne4 12. Bf4 Bd6 13. Nxe4 Bxf4 14. exf4 dxe4 15. Bxe4 Qf6 16. f5 g6 17. fxg6 Nxg6 18. Rfe1 Bxh3 19. gxh3 Nf4 20. Kh2 Qh6 21. h4 Kh8 22. Rg1 f5 23. d5 Ne2 24. Qxe2 Rxe4 25. Qd3 Qf4+ 26. Kh1 cxd5 27. Rae1 Rae8 28. Qc3+ d4 29. Qxd4+ {[%emt 0:00:07] normal} 1-0

[Event "GER-ch Youth U14 2019"]
[Site "Willingen"]
[Date "2019.06.09"]
[Round "1.7"]
[White "Weidenhoefer, Max"]
[Black "Musiolik, David"]
[Result "0-1"]
[ECO "C01"]
[WhiteElo "1787"]
[BlackElo "2132"]
[Annotator "NA"]
[PlyCount "66"]
[EventDate "2019.06.07"]
[EventType "swiss"]
[EventRounds "9"]
[EventCountry "GER"]
[SourceTitle "playchess.com"]
[Source "ChessBase"]
[SourceQuality "1"]
[TimeControl "40/5400+30:1800+30"]

1. e4 e6 2. d4 d5 3. exd5 exd5 4. Bd3 Nc6 5. Ne2 Nb4 6. c3 Nxd3+ 7. Qxd3 Bd6 8. Bf4 Ne7 9. O-O O-O 10. Bxd6 Qxd6 11. Ng3 f5 12. f4 b6 13. Nd2 c5 14. Qe3 Ng6 15. dxc5 bxc5 16. Nb3 Ba6 17. Rf2 Rac8 18. Re1 Bc4 19. Qe6+ Qxe6 20. Rxe6 Rf7 21. Nc1 d4 22. Rd6 Re8 23. Nge2 Rfe7 24. Kf1 dxc3 25. bxc3 Re3 26. g3 Rxc3 27. Rd1 Rc2 28. Ke1 Nf8 29. Nd3 Re3 30. Ndc1 Ne6 31. Kf1 Nd4 32. Re1 Nxe2 33. Nxe2 Rxa2 {[%emt 0:00:05] normal} 0-1

[Event "GER-ch Youth U14 2019"]
[Site "Willingen"]
[Date "2019.06.09"]
[Round "1.8"]
[White "Lutz, Ruben"]
[Black "Bornholdt, Joa Max"]
[Result "1-0"]
[ECO "A40"]
[WhiteElo "2055"]
[BlackElo "1754"]
[Annotator "NA"]
[PlyCount "103"]
[EventDate "2019.06.07"]
[EventType "swiss"]
[EventRounds "9"]
[EventCountry "GER"]
[SourceTitle "playchess.com"]
[Source "ChessBase"]
[SourceQuality "1"]
[TimeControl "40/5400+30:1800+30"]

1. d4 g6 2. Nf3 Bg7 3. c3 d6 4. Bf4 Nd7 5. Nbd2 e5 6. dxe5 dxe5 7. Bg3 Ne7 8. e4 O-O 9. Bc4 Kh8 10. h4 h6 11. Qe2 a6 12. Bb3 Nc6 13. Nc4 b5 14. Ne3 Na5 15. Bc2 Nb7 16. a4 bxa4 17. Bxa4 Nbc5 18. Bc6 Bb7 19. Bxb7 Nxb7 20. O-O Nbc5 21. Nc4 Qe7 22. b4 Nb7 23. Rfd1 Rfc8 24. Ra2 c5 25. Rad2 Rd8 26. Rxd7 Rxd7 27. Rxd7 Qxd7 28. Nb6 Qd8 29. Nxa8 Qxa8 30. Bxe5 cxb4 31. cxb4 Bxe5 32. Nxe5 Kg8 33. Ng4 Qf8 34. Qxa6 Qxb4 35. Qa8+ Kg7 36. Qa1+ Kf8 37. Qh8+ Ke7 38. Qf6+ Ke8 39. Nxh6 Nd8 40. e5 Qc4 41. Qh8+ Kd7 42. g3 Qc2 43. Ng8 Qc1+ 44. Kh2 Qc5 45. Nf6+ Kc8 46. Ne4 Qc2 47. Nd6+ Kc7 48. Qf6 Qa2 49. Nb5+ Kc8 50. Qb6 Ne6 51. Nd6+ Kd7 52. Qb5+ {normal} 1-0

[Event "GER-ch Youth U14 2019"]
[Site "Willingen"]
[Date "2019.06.09"]
[Round "1.9"]
[White "Elsner, Robert"]
[Black "Arakelian, Aik"]
[Result "0-1"]
[ECO "B40"]
[WhiteElo "1745"]
[BlackElo "1911"]
[Annotator "NA"]
[PlyCount "46"]
[EventDate "2019.06.07"]
[EventType "swiss"]
[EventRounds "9"]
[EventCountry "GER"]
[SourceTitle "playchess.com"]
[Source "ChessBase"]
[SourceQuality "1"]
[TimeControl "40/5400+30:1800+30"]

1. Nf3 c5 2. e4 e6 3. d4 cxd4 4. Nxd4 Bc5 5. Nb3 Bb6 6. Nc3 Ne7 7. Bf4 O-O 8. Bd6 f5 9. exf5 Nxf5 10. Bxf8 Qxf8 11. Qf3 Nc6 12. g4 Ne5 13. Qe2 Nh4 14. O-O-O Nhf3 15. Bg2 d5 16. Bxf3 Nxf3 17. Kb1 Bd7 18. Rd3 Nh4 19. Rh3 Ng6 20. Rf3 Qd6 21. h3 Ne5 22. Rg3 Rf8 23. Rf1 Rf4 {[%emt 0:02:51] normal} 0-1

[Event "GER-ch Youth U14 2019"]
[Site "Willingen"]
[Date "2019.06.09"]
[Round "1.10"]
[White "Bui, Bao Anh Le"]
[Black "Wang, Xinyuan"]
[Result "1-0"]
[ECO "B06"]
[WhiteElo "2065"]
[BlackElo "2060"]
[Annotator "NA"]
[PlyCount "87"]
[EventDate "2019.06.07"]
[EventType "swiss"]
[EventRounds "9"]
[EventCountry "GER"]
[SourceTitle "playchess.com"]
[Source "ChessBase"]
[SourceQuality "1"]
[TimeControl "40/5400+30:1800+30"]

1. e4 g6 2. d4 Bg7 3. Nc3 d6 4. Be3 a6 5. Qd2 b5 6. Bd3 Bb7 7. a4 b4 8. Na2 a5 9. c3 bxc3 10. Nxc3 Na6 11. Nge2 Nb4 12. Rc1 d5 13. Nxd5 Bxd5 14. exd5 Qxd5 15. O-O Rc8 16. Rc5 Qa8 17. Rfc1 c6 18. d5 Nf6 19. dxc6 O-O 20. c7 Nd7 21. Rb5 Bxb2 22. Rb1 Ne5 23. Rxb4 Nxd3 24. R4xb2 Nxb2 25. Qxb2 f6 26. Qb7 Kf7 27. Nd4 Qxb7 28. Rxb7 e5 29. Nc6 Ke6 30. Na7 Ra8 31. Kf1 h5 32. c8=Q+ Rfxc8 33. Nxc8 Rxc8 34. Rb6+ Kf5 35. Rb5 Ke4 36. Rxa5 f5 37. Rc5 Rb8 38. Rb5 Ra8 39. a5 f4 40. Bb6 Rc8 41. Rc5 Ra8 42. Ke2 g5 43. f3+ Kf5 44. Bc7 {[%emt 0:00:15] normal} 1-0

[Event "GER-ch Youth U14 2019"]
[Site "Willingen"]
[Date "2019.06.09"]
[Round "1.11"]
[White "May, Ben-Iven"]
[Black "Eilenberg, Jonas"]
[Result "1/2-1/2"]
[ECO "B31"]
[WhiteElo "1692"]
[BlackElo "1934"]
[Annotator "NA"]
[PlyCount "70"]
[EventDate "2019.06.07"]
[EventType "swiss"]
[EventRounds "9"]
[EventCountry "GER"]
[SourceTitle "playchess.com"]
[Source "ChessBase"]
[SourceQuality "1"]
[TimeControl "40/5400+30:1800+30"]

1. e4 c5 2. Nf3 Nc6 3. Bb5 g6 4. Bxc6 dxc6 5. O-O Bg7 6. d3 Nf6 7. Bd2 Nd7 8. Bc3 e5 9. Nbd2 O-O 10. Re1 Re8 11. a4 Nf8 12. Nc4 Qc7 13. a5 f6 14. b4 cxb4 15. Bxb4 Ne6 16. Bd6 Qd7 17. d4 exd4 18. Nxd4 Nxd4 19. Qxd4 Qe6 20. Rad1 Bd7 21. Rb1 c5 22. Bxc5 Bc6 23. Rbd1 Bxe4 24. Nd6 f5 25. Qb4 b6 26. Nxe8 Rxe8 27. axb6 axb6 28. Qxb6 Qxb6 29. Bxb6 Rb8 30. Rxe4 fxe4 31. Rd8+ Rxd8 32. Bxd8 Kf7 33. c4 Bd4 34. Kf1 Ke6 35. Ke2 Kd6 {[%emt 0:00:47] normal} 1/2-1/2

[Event "GER-ch Youth U14 2019"]
[Site "Willingen"]
[Date "2019.06.09"]
[Round "1.12"]
[White "Hetzner, Hannes"]
[Black "Chassard, Cedric"]
[Result "1/2-1/2"]
[ECO "E06"]
[WhiteElo "1996"]
[BlackElo "1772"]
[Annotator "NA"]
[PlyCount "95"]
[EventDate "2019.06.07"]
[EventType "swiss"]
[EventRounds "9"]
[EventCountry "GER"]
[SourceTitle "playchess.com"]
[Source "ChessBase"]
[SourceQuality "1"]
[TimeControl "40/5400+30:1800+30"]

1. d4 Nf6 2. c4 e6 3. g3 d5 4. Nf3 Be7 5. Bg2 O-O 6. O-O dxc4 7. Qc2 a6 8. a4 Bd7 9. Qxc4 Bc6 10. Bf4 Bd6 11. Qc1 Bxf4 12. Qxf4 Qd6 13. Qd2 Rd8 14. Rd1 Bd5 15. Nc3 Ne4 16. Qc2 Nxc3 17. bxc3 Qc6 18. Ne5 Qd6 19. e4 Bc6 20. Rab1 b6 21. Nc4 Qe7 22. Ne3 Nd7 23. f4 Nf6 24. f5 exf5 25. Nxf5 Qe8 26. Re1 g6 27. Nh6+ Kg7 28. e5 Ng8 29. Ng4 Bxg2 30. Kxg2 Qc6+ 31. Qe4 Qxc3 32. Red1 Qc4 33. Rbc1 Qxa4 34. e6 Qa2+ 35. Kf3 Qxe6 36. Qxe6 fxe6 37. Rxc7+ Kh8 38. Ke4 Re8 39. Rdc1 Re7 40. Ke5 Rae8 41. R7c6 Rd8 42. Rxb6 Red7 43. Rc4 Kg7 44. Rxe6 h5 45. Ne3 Nh6 46. d5 Nf7+ 47. Kf4 Rf8 48. Rcc6 {normal} 1/2-1/2

[Event "GER-ch Youth U14 2019"]
[Site "Willingen"]
[Date "2019.06.09"]
[Round "1.13"]
[White "Kolmykov, Egor"]
[Black "Simukov, Erik"]
[Result "0-1"]
[ECO "C22"]
[WhiteElo "1642"]
[BlackElo "1904"]
[Annotator "NA"]
[PlyCount "72"]
[EventDate "2019.06.07"]
[EventType "swiss"]
[EventRounds "9"]
[EventCountry "GER"]
[SourceTitle "playchess.com"]
[Source "ChessBase"]
[SourceQuality "1"]
[TimeControl "40/5400+30:1800+30"]

1. e4 e5 2. d4 exd4 3. Qxd4 Nc6 4. Qe3 d6 5. Nc3 Be6 6. Bd2 Qd7 7. O-O-O O-O-O 8. f4 f5 9. Bb5 a6 10. Bxc6 Qxc6 11. Nf3 fxe4 12. Nd4 Qd7 13. Qxe4 Bg4 14. Rde1 Nf6 15. Qd3 c5 16. Nf3 Bf5 17. Qc4 d5 18. Qa4 Qxa4 19. Nxa4 b5 20. Ba5 bxa4 21. Bxd8 Kxd8 22. Ng5 Kd7 23. Nf7 Rg8 24. h3 Be4 25. Rh2 c4 26. g4 a3 27. c3 axb2+ 28. Kxb2 Bc5 29. Rd2 Rb8+ 30. Ka1 Be3 31. Rdd1 Bxf4 32. g5 Ke7 33. gxf6+ Kxf7 34. fxg7 Kxg7 35. a4 Rb3 36. Rg1+ Kf6 {normal} 0-1

[Event "GER-ch Youth U14 2019"]
[Site "Willingen"]
[Date "2019.06.09"]
[Round "1.14"]
[White "Laux, Dominik"]
[Black "Seng, Alexander"]
[Result "1-0"]
[ECO "A45"]
[WhiteElo "2061"]
[BlackElo "1505"]
[Annotator "NA"]
[PlyCount "73"]
[EventDate "2019.06.07"]
[EventType "swiss"]
[EventRounds "9"]
[EventCountry "GER"]
[SourceTitle "playchess.com"]
[Source "ChessBase"]
[SourceQuality "1"]
[TimeControl "40/5400+30:1800+30"]

1. d4 Nf6 2. Bg5 Ne4 3. Bf4 Nc6 4. e3 d5 5. Bd3 Bf5 6. f3 Nd6 7. Bxd6 Bxd3 8. Bxe7 Qxe7 9. Qxd3 O-O-O 10. a3 g6 11. Nd2 Bh6 12. Kf2 Rhe8 13. Re1 f5 14. Re2 Qf6 15. g3 g5 16. c3 Rd7 17. f4 Rde7 18. Ndf3 gxf4 19. exf4 Re4 20. Ke1 Ne7 21. Ne5 Ng6 22. Nh3 Nxe5 23. dxe5 Qc6 24. Nf2 Rxe2+ 25. Kxe2 Rf8 26. Rd1 d4 27. Qxd4 Qb5+ 28. c4 Qa4 29. b3 Qc6 30. Qxa7 b6 31. Qa6+ Kb8 32. Qb5 Qg6 33. c5 Qh5+ 34. Kf1 Qg6 35. cxb6 Qxb6 36. Qxb6+ cxb6 37. Rd6 {normal} 1-0

[Event "GER-ch Youth U14 2019"]
[Site "Willingen"]
[Date "2019.06.09"]
[Round "1.15"]
[White "Gutewort, Paul Emil"]
[Black "Roehr, Oliver"]
[Result "1/2-1/2"]
[ECO "A20"]
[WhiteElo "1708"]
[BlackElo "1960"]
[Annotator "NA"]
[PlyCount "72"]
[EventDate "2019.06.07"]
[EventType "swiss"]
[EventRounds "9"]
[EventCountry "GER"]
[SourceTitle "playchess.com"]
[Source "ChessBase"]
[SourceQuality "1"]
[TimeControl "40/5400+30:1800+30"]

1. c4 e5 2. g3 Nf6 3. Bg2 d5 4. cxd5 Nxd5 5. Nc3 Nb6 6. Nf3 Nc6 7. d3 Be7 8. a3 Be6 9. Bd2 O-O 10. O-O a5 11. Be3 Nd5 12. Nxd5 Bxd5 13. Qc2 a4 14. Nd2 Bxg2 15. Kxg2 Kh8 16. Nf3 f5 17. Rad1 f4 18. Bc5 Ra5 19. Bxe7 Qxe7 20. Rc1 Qd6 21. Qc4 h6 22. Rfe1 Qf6 23. Rf1 Rf7 24. Qe4 Re7 25. Rc2 Qe6 26. Rfc1 Qd5 27. Qxd5 Rxd5 28. Rc4 fxg3 29. hxg3 Ra5 30. Re4 Kg8 31. Rcc4 Rb5 32. Rc2 Ra5 33. Rcc4 Rb5 34. Rc2 Ra5 35. Rcc4 Rb5 36. Rc2 Ra5 {normal} 1/2-1/2

[Event "GER-ch Youth U14 2019"]
[Site "Willingen"]
[Date "2019.06.09"]
[Round "1.16"]
[White "Haufe, Laurin"]
[Black "Silva, Tiago Alexandre Pinh"]
[Result "1/2-1/2"]
[ECO "C01"]
[WhiteElo "1995"]
[BlackElo "1817"]
[Annotator "NA"]
[PlyCount "96"]
[EventDate "2019.06.07"]
[EventType "swiss"]
[EventRounds "9"]
[EventCountry "GER"]
[SourceTitle "playchess.com"]
[Source "ChessBase"]
[SourceQuality "1"]
[TimeControl "40/5400+30:1800+30"]

1. e4 e6 2. d4 d5 3. exd5 exd5 4. Nf3 Nf6 5. Bd3 Bd6 6. O-O O-O 7. Bg5 h6 8. Bh4 Be6 9. Nbd2 Nbd7 10. Re1 Re8 11. Ne5 c6 12. c3 Qb6 13. Qc2 Rac8 14. b4 g5 15. Bg3 Bxe5 16. Bxe5 Nxe5 17. Rxe5 Qc7 18. Nf1 Ng4 19. Re2 Kg7 20. Rae1 Bd7 21. Re7 Rxe7 22. Rxe7 Nf6 23. Ng3 Kf8 24. Re5 Ng4 25. Re1 Re8 26. Rxe8+ Kxe8 27. Qe2+ Kf8 28. h3 Nf6 29. Bf5 Qf4 30. Qc2 Bxf5 31. Nxf5 Qe4 32. Qxe4 Nxe4 33. Kf1 Nxc3 34. a3 Nb5 35. a4 Nc3 36. Nd6 Ke7 37. Nxb7 Nxa4 38. Ke1 Kd7 39. Kd2 Kc7 40. Na5 Nb6 41. Kd3 Nc8 42. Nb3 Nd6 43. Nc5 Nb7 44. f3 Nxc5+ 45. bxc5 h5 46. g4 hxg4 47. hxg4 Kb7 48. Kc3 Ka6 {[%emt 0:00:20] normal} 1/2-1/2

[Event "GER-ch Youth U14 2019"]
[Site "Willingen"]
[Date "2019.06.09"]
[Round "1.17"]
[White "Wildermuth, Nikolas Karl"]
[Black "von Krosigk, Florian"]
[Result "0-1"]
[ECO "A00"]
[WhiteElo "1748"]
[BlackElo "1926"]
[Annotator "NA"]
[PlyCount "56"]
[EventDate "2019.06.07"]
[EventType "swiss"]
[EventRounds "9"]
[EventCountry "GER"]
[SourceTitle "playchess.com"]
[Source "ChessBase"]
[SourceQuality "1"]
[TimeControl "40/5400+30:1800+30"]

1. g3 Nf6 2. Bg2 e6 3. d3 d5 4. a3 c5 5. Nd2 Nc6 6. c4 Be7 7. Ngf3 O-O 8. O-O Rb8 9. b3 b5 10. cxd5 exd5 11. Bb2 d4 12. Rc1 Bb7 13. Ng5 Na5 14. Bxb7 Rxb7 15. Ngf3 Qd5 16. b4 cxb4 17. axb4 Nc6 18. Nb3 Bxb4 19. Nbxd4 Nxd4 20. Bxd4 Nd7 21. Rb1 a5 22. e4 Qd6 23. Qe2 Ba3 24. Bb2 Bxb2 25. Rxb2 a4 26. e5 Qd5 27. Rb4 Nc5 28. Rd4 Qb3 {[%emt 0:01:07] normal} 0-1

[Event "GER-ch Youth U14 2019"]
[Site "Willingen"]
[Date "2019.06.09"]
[Round "1.18"]
[White "Haack, Kevin"]
[Black "Straub, Benno"]
[Result "1-0"]
[ECO "A27"]
[WhiteElo "2033"]
[BlackElo "1490"]
[Annotator "NA"]
[PlyCount "75"]
[EventDate "2019.06.07"]
[EventType "swiss"]
[EventRounds "9"]
[EventCountry "GER"]
[SourceTitle "playchess.com"]
[Source "ChessBase"]
[SourceQuality "1"]
[TimeControl "40/5400+30:1800+30"]

1. c4 e5 2. Nc3 Nc6 3. Nf3 Bc5 4. Nxe5 Nxe5 5. d4 Bd6 6. dxe5 Bxe5 7. g3 c6 8. Bg2 Nf6 9. O-O h6 10. Qc2 O-O 11. Rd1 Qe7 12. e3 Rd8 13. b3 Kf8 14. Bb2 Re8 15. Rd2 d6 16. Ne2 Ng4 17. h3 Nxf2 18. Kxf2 Bxb2 19. Qxb2 Qxe3+ 20. Kf1 Bf5 21. Qd4 Re6 22. Nf4 Re7 23. Qxd6 Kg8 24. Re2 Qc3 25. Qxe7 Qxa1+ 26. Kf2 Qd4+ 27. Qe3 Qxe3+ 28. Rxe3 Kf8 29. g4 Bb1 30. Be4 Bxa2 31. Ne2 a5 32. Nc1 a4 33. Nxa2 axb3 34. Nc3 Ra6 35. Re2 b5 36. cxb5 cxb5 37. Nxb5 Ra2 38. Nc3 {[%emt 0:00:20] normal} 1-0

[Event "GER-ch Youth U14 2019"]
[Site "Willingen"]
[Date "2019.06.09"]
[Round "1.19"]
[White "Riddell, Joshua S."]
[Black "Kosev, Momchil"]
[Result "1/2-1/2"]
[ECO "B92"]
[WhiteElo "2130"]
[BlackElo "1827"]
[Annotator "NA"]
[PlyCount "102"]
[EventDate "2019.06.07"]
[EventType "swiss"]
[EventRounds "9"]
[EventCountry "GER"]
[SourceTitle "playchess.com"]
[Source "ChessBase"]
[SourceQuality "1"]
[TimeControl "40/5400+30:1800+30"]

1. e4 c5 2. Nf3 d6 3. d4 cxd4 4. Nxd4 Nf6 5. Nc3 a6 6. Be2 e5 7. Nf3 Be7 8. Bg5 Nbd7 9. O-O O-O 10. Nd2 b5 11. Bxf6 Nxf6 12. a4 b4 13. Nd5 Nxd5 14. exd5 f5 15. a5 Ra7 16. Nc4 Qc7 17. Qd2 Qc5 18. Ra4 Rc7 19. Rxb4 Bg5 20. Qc3 Qxd5 21. Rd1 Qa8 22. Qb3 Be6 23. Rxd6 Bd5 24. Rbb6 Kh8 25. Rxa6 Bxc4 26. Bxc4 Qe4 27. Bd3 Qe1+ 28. Bf1 e4 29. c3 e3 30. Rd1 Qxf2+ 31. Kh1 e2 32. Bxe2 Qxe2 33. Re6 Qf2 34. Qb6 Qxb6 35. Rxb6 h6 36. Ra1 Be3 37. Rb5 f4 38. a6 Ra8 39. h4 Rc6 40. Rba5 g6 41. Kh2 Kg7 42. Kh3 Kf6 43. Kg4 Bb6 44. Rb5 Be3 45. Rba5 Rd6 46. g3 Rd2 47. gxf4 Rxb2 48. Kf3 Ba7 49. Rd5 Rc2 50. Rd6+ Kf7 51. Rc6 Bd4 {[%emt 0:01:59] normal} 1/2-1/2

[Event "GER-ch Youth U14 2019"]
[Site "Willingen"]
[Date "2019.06.09"]
[Round "1.20"]
[White "Farokhi, Keyvan"]
[Black "Roste, Hugo"]
[Result "1-0"]
[ECO "A11"]
[WhiteElo "1963"]
[BlackElo "1287"]
[Annotator "NA"]
[PlyCount "57"]
[EventDate "2019.06.07"]
[EventType "swiss"]
[EventRounds "9"]
[EventCountry "GER"]
[SourceTitle "playchess.com"]
[Source "ChessBase"]
[SourceQuality "1"]
[TimeControl "40/5400+30:1800+30"]

1. c4 c6 2. g3 d5 3. Bg2 Nf6 4. Nf3 Nbd7 5. cxd5 cxd5 6. O-O e6 7. d4 Be7 8. Nc3 O-O 9. Bf4 a6 10. Rc1 b5 11. a3 Bb7 12. Ne5 Nxe5 13. dxe5 Nd7 14. e4 dxe4 15. Nxe4 Rc8 16. Qg4 Bxe4 17. Bxe4 f5 18. exf6 Rxf6 19. Rxc8 Qxc8 20. Rc1 Qd8 21. Rd1 Qc8 22. Bg5 Rf7 23. Bxe7 Rxe7 24. Bxh7+ Kf8 25. Qf4+ Rf7 26. Qd6+ Re7 27. Bg6 Qb7 28. Rc1 a5 29. Rc7 {[%emt 0:00:18] normal} 1-0

[Event "GER-ch Youth U14 2019"]
[Site "Willingen"]
[Date "2019.06.09"]
[Round "1.21"]
[White "Rockmann, Enno"]
[Black "Tham, Nam"]
[Result "1/2-1/2"]
[ECO "C54"]
[WhiteElo "1527"]
[BlackElo "1993"]
[Annotator "NA"]
[PlyCount "95"]
[EventDate "2019.06.07"]
[EventType "swiss"]
[EventRounds "9"]
[EventCountry "GER"]
[SourceTitle "playchess.com"]
[Source "ChessBase"]
[SourceQuality "1"]
[TimeControl "40/5400+30:1800+30"]

1. e4 e5 2. Nf3 Nc6 3. Bc4 Bc5 4. c3 Nf6 5. d3 d6 6. Nbd2 a6 7. Bb3 Ba7 8. Nf1 h6 9. Ng3 O-O 10. O-O Re8 11. Be3 d5 12. Bxa7 Rxa7 13. Re1 Ra8 14. exd5 Nxd5 15. d4 Nf4 16. Nxe5 Nxe5 17. dxe5 Qg5 18. h3 Be6 19. Bxe6 Rxe6 20. Qb3 Rb6 21. Qc2 Rg6 22. Qe4 c6 23. Rad1 h5 24. Rd4 Ne6 25. Rd6 h4 26. Nf5 Re8 27. Nxh4 Rh6 28. Nf3 Qe7 29. Red1 Ng5 30. Nxg5 Qxg5 31. Rxh6 Qxh6 32. f4 Qe6 33. b3 Qe7 34. Re1 Qa3 35. Qc4 Qxa2 36. e6 fxe6 37. Rxe6 Rxe6 38. Qxe6+ Kh7 39. Qf5+ Kg8 40. Qc8+ Kh7 41. Qxb7 Qd2 42. Qxc6 Qe3+ 43. Kh1 Qc1+ 44. Kh2 Qxf4+ 45. g3 Qd2+ {[%emt 0:00:14] normal} 46. Kh1 Qe1+ {[%emt 0:00:07] normal} 47. Kh2 Qd2+ 48. Kh1 {[%emt 0:00:12] normal} 1/2-1/2

[Event "GER-ch Youth U14 2019"]
[Site "Willingen"]
[Date "2019.06.09"]
[Round "1.22"]
[White "Evering, Soeren"]
[Black "Wellssow, Keoki"]
[Result "1-0"]
[ECO "B06"]
[WhiteElo "1879"]
[BlackElo "1509"]
[Annotator "NA"]
[PlyCount "23"]
[EventDate "2019.06.07"]
[EventType "swiss"]
[EventRounds "9"]
[EventCountry "GER"]
[SourceTitle "playchess.com"]
[Source "ChessBase"]
[SourceQuality "1"]
[TimeControl "40/5400+30:1800+30"]

1. e4 g6 2. d4 Bg7 3. Bc4 d6 4. Nf3 h6 5. O-O a6 6. Qe2 b5 7. Bb3 Bb7 8. e5 dxe5 9. Nxe5 e6 10. Nxf7 Qe7 11. Nxh8 Bxh8 12. Qg4 {normal} 1-0